 Dungeon Crawl Stone Soup version 0.25.0-33-gff14898491 (webtiles) character file.

Game seed: 10430448508204308656

8050 Ethylacetat the Covert (level 11, -6/78 HPs)
             Began as an Octopode Assassin on July 6, 2020.
             Was an Elder of Wu Jian.
             Mangled by an unseen horror (9 damage)
             ... on level 10 of the Dungeon.
             The game lasted 00:35:40 (12102 turns).

Ethylacetat the Covert (Octopode Assassin)         Turns: 12102, Time: 00:35:40

Health: -6/78      AC:  1    Str: 14      XL:     11   Next: 24%
Magic:  0/11       EV: 13    Int: 13      God:    Wu Jian [****..]
Gold:   516        SH:  0    Dex: 12 (14) Spells: 10/10 levels left

rFire    . . .     SeeInvis +   y - +5 short sword
rCold    . . .     Gourm    .   (no shield)
rNeg     . . .     Faith    .   (helmet restricted)
rPois    .         Spirit   +   E - amulet of guardian spirit
rElec    .         Reflect  .   q - ring of see invisible
rCorr    .         Harm     .   (no ring)
MR       .....                  (no ring)
Stlth    ++++++....             (no ring)
HPRegen  0.23/turn              (no ring)
MPRegen  0.12/turn              (no ring)
                                (no ring)
                                (no ring)

@: mighty, stab
A: almost no armour, stealthy swim, amphibious, 8 rings, constrict 8, camouflage
1, gelatinous body 1
a: Wall Jump, Serpent's Lash, Renounce Religion


You were on level 10 of the Dungeon.
You worshipped Wu Jian.
Wu Jian was greatly pleased with you.
You were hungry.

You visited 1 branch of the dungeon, and saw 10 of its levels.

You collected 516 gold pieces.

Inventory:

Hand Weapons
 a - a +2 dagger
 y - a +5 short sword (weapon)
Missiles
 b - 26 poisoned darts (quivered)
Jewellery
 q - a ring of see invisible (left tentacle)
 E - an amulet of guardian spirit (around mantle)
Wands
 v - a wand of paralysis (30)
 x - a wand of iceblast (12)
 C - a wand of acid (11)
 D - a wand of flame (35)
 G - a wand of enslavement (11)
Scrolls
 e - 3 scrolls of remove curse
 f - a scroll of acquirement {unknown}
 g - 2 scrolls of teleportation {unknown}
 h - 10 scrolls of identify {unknown}
 j - 3 scrolls of amnesia {unknown}
 n - 2 scrolls of enchant weapon {unknown}
 o - a scroll of enchant armour {unknown}
 p - a scroll of immolation {unknown}
 s - 2 scrolls of fog {unknown}
 z - a scroll of noise {unknown}
 A - a scroll of magic mapping {unknown}
Potions
 k - a potion of invisibility {unknown}
 l - a potion of lignification
 m - 3 potions of brilliance
 r - 2 potions of resistance
 B - a potion of cancellation
Comestibles
 d - 16 rations


   Skills:
 + Level 8.4 Fighting
 * Level 11.8 Short Blades
 - Level 2.0 Throwing
 - Level 1.8 Dodging
 + Level 13.5 Stealth


You had 10 spell levels left.
You didn't know any spells.
Your spell library contained the following spells:

 Spells                   Type           Power        Failure   Level  Hunger
 Infusion                 Chrm           #...         30%         1    ##.....
 Shroud of Golubria       Chrm/Tloc      #.....       43%         2    ###....
 Song of Slaying          Chrm           #.......     43%         2    ###....
 Ozocubu's Armour         Chrm/Ice       #.......     67%         3    ####...
 Spectral Weapon          Hex/Chrm       #.......     67%         3    ####...


Dungeon Overview and Level Annotations

Branches:
Dungeon (10/15)            Temple (0/1) D:6            Lair (0/6) D:8
    Orc: D:9-12

Altars:
Dithmenos
Elyvilon
Hepliaklqana
Kikubaaqudgha
Makhleb
Ru
Sif Muna
Trog
Uskayaw
Wu Jian
Xom
Yredelemnul
Zin

Shops:
D:5 :

Annotations:
D:10 Nergalle


Innate Abilities, Weirdness & Mutations

You cannot wear most types of armour.
You are very stealthy in the water. (Stealth+)
You are amphibious.
You can wear up to eight rings at the same time.
You can use your tentacles to constrict eight enemies at once.
Your skin changes colour to match your surroundings (Stealth+).
Your rubbery body absorbs attacks. (AC +1, EV +1)


Message History

* * * LOW HITPOINT WARNING * * *
The unseen horror barely misses you.
You feel better. The unseen horror hits you.
* * * LOW HITPOINT WARNING * * *
The unseen horror closely misses you.
The orc warrior hits you with a +0 short sword of speed!
* * * LOW HITPOINT WARNING * * *
It was a potion of stabbing.
You feel ready to backstab. The unseen horror hits you.
* * * LOW HITPOINT WARNING * * *
The orc barely misses you.
The orc warrior hits you with a +0 short sword of speed!
* * * LOW HITPOINT WARNING * * *
The orc misses you.
The bullfrog hits you but does no damage.
It was a potion of might.
You feel very mighty all of a sudden. The unseen horror hits you!
You die...

#..........#
#..........#
#..........#
#..........#
#..........#
#..........#
#..........#
#....Fx....#
#....@h....#
#...ooo....#
#...KpKo...#
#..........#
#..........#
#.......K..#
#..........#
#.)........#
#..........#


You could see a death knight, an unseen horror (invisible), an orc warrior, a
bullfrog, a hound, 3 orcs and 3 kobolds.

Vanquished Creatures
  2 two-headed ogres (D:9)
  Erica (D:8)
  Maurice (D:9)
  A kobold demonologist (D:10)
  A troll (D:9)
  2 hippogriffs
  A spriggan (D:7)
  Eustachio (D:4)
  Menkaure (D:6)
  A water moccasin (D:9)
  3 ice beasts
  2 sky beasts
  3 black bears
  2 phantoms
  4 ogres
  3 centaurs
  5 bullfrogs
  2 scorpions
  A water moccasin skeleton (D:5)
  16 killer bees
  An electric eel (D:6)
  2 howler monkeys (D:9)
  7 wights
  5 crimson imps
  3 quasits
  5 hounds
  2 jellies
  2 centaur skeletons
  5 orc priests
  6 orc wizards
  3 bullfrog skeletons
  2 iguanas
  4 worker ants
  A hound skeleton (D:4)
  8 adders
  3 gnolls (D:4)
  2 shadow imps (D:5)
  An ooze (D:2)
  3 adder skeletons
  4 worms
  A dart slug (D:4)
  3 leopard geckos
  30 orcs
  A ball python (D:6)
  6 bats
  12 giant cockroaches
  6 goblins
  5 hobgoblins
  11 jackals
  3 quokkas
  6 frilled lizards
  A jackal skeleton (D:7)
  A jackal zombie (D:7)
  8 kobolds
  A leopard gecko skeleton (D:7)
  A quokka skeleton (D:5)
  A quokka zombie (D:5)
  5 rats
224 creatures vanquished.

Notes
Turn   | Place    | Note
-------+----------+-------------------------------------------
     0 | D:1      | Ethylacetat the Octopode Assassin began the quest for the
                  | Orb.
     0 | D:1      | Reached XP level 1. HP: 14/14 MP: 1/1
   136 | D:1      | Reached XP level 2. HP: 19/19 MP: 2/2
   617 | D:2      | Reached skill level 6 in Stealth
   846 | D:2      | Found a hide-covered altar of Uskayaw.
   979 | D:2      | Reached XP level 3. HP: 18/24 MP: 3/3
  1389 | D:3      | Reached XP level 4. HP: 29/29 MP: 4/4
  1460 | D:3      | Reached skill level 7 in Stealth
  1467 | D:3      | Reached XP level 5. HP: 23/35 MP: 5/5
  2045 | D:3      | Found a shimmering blue altar of Sif Muna.
  2470 | D:4      | Found an ornate altar of the Wu Jian Council.
  2496 | D:4      | Became a worshipper of the Wu Jian Council
  2640 | D:4      | Noticed a black bear
  2692 | D:4      | Reached skill level 8 in Stealth
  2699 | D:4      | Reached XP level 6. HP: 10/41 MP: 6/6
  3244 | D:4      | Noticed Eustachio
  3249 | D:4      | Killed Eustachio
  3347 | D:4      | Found a sacrificial altar of Ru.
  3384 | D:4      | Killed a black bear
  3384 | D:4      | Reached XP level 7. HP: 46/46 MP: 7/7
  3595 | D:5      | Entered Level 5 of the Dungeon
  3651 | D:5      | Reached skill level 5 in Short Blades
  3651 | D:5      | Reached skill level 9 in Stealth
  4219 | D:5      | Found a basalt altar of Yredelemnul.
  4239 | D:5      | Reached * piety under Wu Jian
  4289 | D:5      | Reached XP level 8. HP: 38/54 MP: 8/8
  4728 | D:5      | Found a shadowy altar of Dithmenos.
  4951 | D:5      | HP: 1/54 [sky beast (6)]
  5175 | D:5      | Reached skill level 10 in Stealth
  5238 | D:5      | Found Exyeveez's Book Shop.
  5521 | D:6      | Found a hazy altar of Hepliaklqana.
  5573 | D:6      | Found a staircase to the Ecumenical Temple.
  5585 | D:6      | Noticed Menkaure
  5589 | D:6      | Killed Menkaure
  5589 | D:6      | Reached skill level 5 in Fighting
  5769 | D:6      | Reached XP level 9. HP: 41/61 MP: 9/9
  6018 | D:6      | Reached ** piety under Wu Jian
  6606 | D:7      | Found a shimmering altar of Xom.
  6606 | D:7      | Found a glowing silver altar of Zin.
  6606 | D:7      | Noticed an angel
  6687 | D:7      | Reached skill level 11 in Stealth
  7159 | D:6      | HP: 4/93 [poisoned by a killer bee]
  8518 | D:8      | Found a staircase to the Lair.
  8519 | D:8      | Found an ancient bone altar of Kikubaaqudgha.
  8529 | D:8      | Found a white marble altar of Elyvilon.
  8529 | D:8      | Found a bloodstained altar of Trog.
  8587 | D:8      | Found a burning altar of Makhleb.
  8621 | D:8      | Reached *** piety under Wu Jian
  8621 | D:8      | Reached XP level 10. HP: 54/69 MP: 10/10
  9065 | D:8      | Reached skill level 12 in Stealth
  9290 | D:8      | Reached skill level 10 in Short Blades
  9426 | D:8      | Noticed Erica
  9444 | D:8      | Killed Erica
  9965 | D:9      | Noticed Maurice
  9977 | D:9      | Killed Maurice
 10381 | D:9      | Noticed a two-headed ogre
 10456 | D:9      | Killed a two-headed ogre
 10456 | D:9      | Reached skill level 13 in Stealth
 10851 | D:10     | Entered Level 10 of the Dungeon
 10851 | D:10     | Noticed a death knight
 10854 | D:10     | Noticed Nergalle
 11203 | D:10     | Reached XP level 11. HP: 74/77 MP: 8/11
 11226 | D:10     | Noticed a two-headed ogre
 11285 | D:9      | Killed a two-headed ogre
 11521 | D:9      | Reached **** piety under Wu Jian
 12092 | D:10     | Noticed an unseen horror
 12101 | D:10     | HP: 3/78 [orc warrior/+0 short sword of speed (7)]
 12102 | D:10     | Mangled by an unseen horror

Illustrated notes

Levels and vault maps discovered:
D:1:      dpeg_arrival_windows_large_door, layout_basic, minmay_misc_feat_five
D:2:      layout_basic, eat_drink_and_be_merry_uskayaw
D:3:      layout_basic, lemuel_doored_altar
D:4:      layout_loops_corners, kennysheep_mini_moat, kennysheep_mini,
          first_ration, uniq_eustachio
D:5:      cheibrodos_quashed, layout_basic, kennysheep_little_box,
          nicolae_dithmenos_through_a_glass_darkly, kennysheep_diamond
D:6:      layout_basic, overflow_temple_1_default,
          minmay_temple_entry_junction_2, minmay_misc_feat_rugged,
          chequers_serial_rivers_micro_c, chequers_big_river, uniq_menkaure
D:7:      layout_gridville, grunt_temple_overflow_order_and_chaos_1, the_bakery,
          minmay_chambers_of_fives
D:8:      wad_crossroads, layout_gridville, nicolae_overflow_crystal_walls,
          lemuel_round_altar, chequers_temple_overflow_statue_of_worship,
          uniq_erica
D:9:      layout_rooms, minmay_misc_feat_nine_boxes, uniq_maurice
D:10:     layout_long_grid, uniq_nergalle

Skill      XL: |  1  2  3  4  5  6  7  8  9 10 |
---------------+-------------------------------+-----
Stealth        | 6 7 8 9 10 11 13 | 13.5
Short Blades   | 3 4 5 7 9 11 | 11.8
Fighting       | 3 4 5 6 8 |  8.4
Throwing       | |  2.0
Dodging        | |  1.8

Action                   |  1- 3 |  4- 6 |  7- 9 | 10-12 || total
-------------------------+-------+-------+-------+-------++-------
Melee: Dagger            |    45 |    88 |   151 |       ||   284
       Constrict         |     7 |    24 |    42 |    30 ||   103
       Tentacles         |     3 |    18 |    47 |    46 ||   114
       Short sword       |       |       |   145 |   201 ||   346
Throw: Dart              |       |       |    11 |    28 ||    39
       Throwing net      |       |       |       |     1 ||     1
Invok: Lunge             |       |     6 |    22 |    15 ||    43
       Whirlwind         |       |       |     5 |     6 ||    11
 Abil: Wall Jump         |       |       |       |     1 ||     1
  Use: Potion            |       |       |     9 |     3 ||    12
       Scroll            |       |       |     1 |     1 ||     2
 Stab: Sleeping          |    11 |    14 |    29 |    17 ||    71
       Distracted        |     2 |       |     1 |     2 ||     5
       Held in net/web   |       |       |       |     1 ||     1
  Eat: Chunk             |     1 |     7 |    16 |    10 ||    34
Armor: Skin              |     3 |     4 |    43 |    11 ||    61
Dodge: Dodged            |    20 |    37 |   117 |   121 ||   295
